 Dungeon Crawl Stone Soup version 0.28-a0-1199-gef9e1dbd39 (webtiles) character file.

Game seed: 15174382276120216295

1960 enile the Skirmisher (level 9, 0/65 HPs)
             Began as a Djinni Gladiator on Dec 20, 2021.
             Was a Believer of Nemelex Xobeh.
             Killed from afar by an acid dragon (15 damage)
             ... with a splash of acid
             ... on level 7 of the Dungeon.
             The game lasted 00:20:30 (9262 turns).

enile the Skirmisher (Djinni Gladiator)             Turns: 9262, Time: 00:20:30

Health: 0/65       AC:  0    Str: 13    XL:     9   Next: 42%
Gold:   325        EV: 13    Int: 14    God:    Nemelex Xobeh [**....] SH:  0 Dex: 15

rFire   + + .      SeeInvis .   m - +3 quarterstaff (chaos)
rCold   x . .      Faith    .   (shield currently unavailable)
rNeg    . . .      Spirit   .   b - +0 leather armour
rPois   ∞          Reflect  .   (no helmet)
rElec   .          Harm     .   n - +0 cloak {Stlth+}
rCorr   .          Rampage  .   (no gloves)
Will    .....                   (boots unavailable)
Stlth   +++.......              (no amulet)
HPRegen 0.20/turn               (no ring)
MPRegen 0.00/turn               (no ring)

@: corroded, flying
A: sickness immunity, fire resistance 2, cold vulnerability 1, float, innate
caster, hp casting, extra vitality 1
a: Renounce Religion, Draw Escape, Draw Destruction, Draw Summoning


You were on level 7 of the Dungeon.
You worshipped Nemelex Xobeh.
Nemelex Xobeh was pleased with you.
You visited 1 branch of the dungeon, and saw 7 of its levels.
You also visited: Sewer.

You collected 325 gold pieces.

Inventory:

Hand Weapons
 a - a +0 rapier
 d - a +1 dagger of pain
 k - a +4 short sword
 m - a +3 quarterstaff of chaos (weapon)
 o - a +0 flail of draining
 u - a +2 dagger of speed
 w - a +0 quick blade
 y - a +0 dagger
 B - the +8 dagger "Arbiter" {holy, Dex+4}
   (You found it on level 5 of the Dungeon)

   It has been blessed by the Shining One to cause great damage to the undead
   and demons.
   Dex:       It affects your dexterity (+4).
Missiles
 p - 3 boomerangs
 q - 38 poisoned darts
 D - a throwing net (quivered)
Armour
 b - a +0 leather armour (worn)
 c - a +0 helmet
 n - a +0 cloak of stealth (worn)
Magical Staves
 z - a staff of fire
 M - a staff of fire
Jewellery
 t - a ring of protection from cold
 E - a ring of resist corrosion
Wands
 l - a wand of flame (32)
 s - a wand of iceblast (14)
Scrolls
 e - 4 scrolls of immolation
 f - a scroll of holy word {unknown}
 j - a scroll of summoning {unknown}
 x - a scroll of silence
 A - a scroll of magic mapping {unknown}
 F - a scroll of teleportation
 N - a scroll of amnesia
Potions
 g - 3 potions of curing {unknown}
 h - 2 potions of might {unknown}
 i - 2 potions of lignification {unknown}
 r - a potion of flight {unknown}
 v - 4 potions of resistance {unknown}
 C - 2 potions of attraction {unknown}
 G - 2 potions of brilliance {unknown}
 H - 3 potions of heal wounds {unknown}
 I - 2 potions of invisibility {unknown}
 J - 2 potions of haste
 K - a potion of mutation {unknown}
 L - a potion of experience {unknown}


   Skills:
 - Level 5.0 Fighting
 - Level 2.7 Short Blades
 + Level 3.7 Staves
 - Level 1.6 Throwing
 - Level 4.0 Armour
 - Level 4.0 Dodging
 - Level 2.0 Stealth
 - Level 4.0 Spellcasting
 - Level 5.0 Invocations
 - Level 3.0 Evocations


You had 6 spell levels left.
You knew the following spells:

 Your Spells              Type           Power      Damage    Failure   Level
a - Freeze                Ice            56%        1d7       4%          1
b - Scorch                Fire           28%        2d6       7%          2
c - Ignite Poison         Fire/Tmut/Pois 14%        N/A       14%         3
d - Petrify               Tmut/Erth      14%        N/A       41%         4
Your spell library was empty.

Dungeon Overview and Level Annotations

Branches:
Dungeon (7/15)             Temple (0/1) D:5           Sewer (visited)

Altars:
Makhleb
Nemelex Xobeh
Vehumet
Xom

Shops:
D:4 (

Annotations:
D:5 exclusion: statue


Innate Abilities, Weirdness & Mutations

You are immune to sickness and miasma.
You are immune to poison.
Your flesh is very heat resistant. (rF++)
You are vulnerable to cold. (rC-)
You float through the air rather than walking.
You learn spells naturally, not from books.
Your magical power is your life essence.
You have superior vitality. (+4 HP)


Message History

Casting: Scorch (safe; 7% risk of failure)
Confirm with . or Enter, or press ? or * to list all spells.
Flames lash the howler monkey skeleton.
The howler monkey skeleton is severely damaged.
The howler monkey skeleton's fire resistance burns away.
Throw: 2 throwing nets
Press: ? - help, Q - select action, (/) - cycle Shift-Dir - straight line, f - acid dragon
Aim: an acid dragon (60% to hit)
You throw a throwing net.
The throwing net barely misses the acid dragon.
The acid dragon spits acid at you. The splash of acid hits you!!
The acid corrodes you!
The howler monkey skeleton barely misses you.
You draw... (choose one card, ? for their descriptions) a - Wild Magic
b - the Storm c - Wild Magic Huh?
You have drawn the Storm.
A mighty gale blasts forth from the card!
The howler monkey skeleton is blown away by the wind.
The electrical discharge engulfs the howler monkey skeleton!!
You destroy the howler monkey skeleton!
You hear violent peals of thunder!
You can no longer choose one out of three cards.
You hear a shout! x3; You hear an angry hiss.
You hear a shout! x2
You hear a bellow!
The acid dragon barely misses you. The acid dragon claws you.
You draw a card...
You have drawn the Cloud.
Clouds appear around you! The acid dragon completely misses you.
The acid dragon claws you.
* * * LOW HITPOINT WARNING * * *
You draw a card...
You have drawn the Cloud.
Clouds appear around you!
The deck of cards glows with a rainbow of weird colours and disappears.
The acid dragon completely misses you. The acid dragon claws you.
* * * LOW HITPOINT WARNING * * *
You draw a card...
You have drawn the Swarm.
The acid dragon spits acid at you. The splash of acid hits you!
You die...
Your body glows slightly and disappears.

#####...........# #.
##.#.............##..
.............c......
##...........$.D.<.D.
#....................
#....................
##.y..§§§.<...........
##....y§§§....(........
#.....@D§.§...##.#.....
##..##§§.§§...#######..
#. #y.§.§..... ..
#...#......#
##.###...... ..#
#....... ... ..... ###
##


You could see an acid dragon (catching breath, ally target) and 3 friendly
killer bees.

Vanquished Creatures
  A water moccasin (D:5)
  2 black bears (D:4)
  2 necrophages
  A centaur (D:6)
  A kobold brigand (D:6)
  A scorpion (D:6)
  3 water moccasin zombies
  A killer bee (D:2)
  4 hounds
  An orc priest (D:6)
  Crazy Yiuf (D:2)
  A jelly (D:6)
  2 iguanas
  An orc wizard (D:6)
  5 gnolls
  11 adders
  A howler monkey skeleton (D:7)
  5 river rats
  A shadow imp (D:7)
  A worm (D:2)
  A dart slug (D:5)
  13 orcs
  6 endoplasms
  3 giant cockroaches
  5 goblins
  5 hobgoblins
  2 jackals (D:1)
  4 quokkas
  9 ball pythons
  3 bats
  A frilled lizard (Sewer)
  24 kobolds
  25 rats
147 creatures vanquished.

Vanquished Creatures (collateral kills)
  Pikel (D:6)
  A hell hound (D:6)
  A bullfrog zombie (D:5)
  A gnoll (D:5)
  A river rat (D:6)
  An endoplasm (D:6)
6 creatures vanquished.

Grand Total: 153 creatures vanquished

Notes
Turn   | Place    | Note
-------+----------+-------------------------------------------
     0 | D:1      | enile the Djinni Gladiator began the quest for the Orb.
     0 | D:1      | Reached XP level 1. HP: 18/18 MP: 0/0
   325 | D:1      | Reached XP level 2. HP: 18/24 MP: 0/0
   663 | D:1      | Found a faded altar of an unknown god.
   672 | D:1      | Prayed at the altar of an unknown god.
   672 | D:1      | Became a worshipper of Nemelex Xobeh the Trickster
   672 | D:1      | Reached * piety under Nemelex Xobeh
   672 | D:1      | Received a gift from Nemelex Xobeh
  1036 | D:2      | Reached XP level 3. HP: 18/30 MP: 0/0
  1036 | D:2      | Learned a level 1 spell: Freeze
  1070 | D:2      | Reached skill level 1 in Spellcasting
  1371 | D:2      | Reached skill level 1 in Armour
  1626 | D:2      | Reached XP level 4. HP: 31/35 MP: 0/0
  1952 | D:2      | Found a runed translucent door.
  1953 | D:2      | Noticed Crazy Yiuf
  2114 | D:2      | Noticed Sigmund
  2119 | D:2      | Noticed Sigmund
  2119 | D:2      | Sigmund changed into Sigmund the killer bee
  2121 | D:2      | Killed Sigmund the killer bee
  2122 | D:2      | Reached XP level 5. HP: 23/40 MP: 0/0
  2122 | D:2      | Learned a level 2 spell: Scorch
  2485 | D:2      | Killed Crazy Yiuf
  2944 | D:3      | Found a shimmering altar of Xom.
  2945 | D:3      | Found a shimmering altar of Xom.
  2946 | D:3      | Found a shimmering altar of Xom.
  2946 | D:3      | Found a shimmering altar of Xom.
  3067 | D:3      | Found a burning altar of Makhleb.
  3082 | D:3      | Reached skill level 1 in Staves
  3082 | D:3      | Reached XP level 6. HP: 39/47 MP: 0/0
  3374 | D:4      | Noticed a black bear
  3378 | D:4      | Killed a black bear
  3911 | D:4      | Noticed a necrophage
  3918 | D:4      | Killed a necrophage
  3919 | D:4      | Reached XP level 7. HP: 36/52 MP: 0/0
  3919 | D:4      | Learned a level 3 spell: Ignite Poison
  4105 | D:4      | Found Binn's Weapon Shoppe.
  4108 | D:4      | Reached ** piety under Nemelex Xobeh
  4549 | D:5      | Entered Level 5 of the Dungeon
  4565 | D:5      | Noticed a water moccasin
  4568 | D:5      | Identified the +8 dagger "Arbiter" {holy, Dex+4}
  4580 | D:5      | Killed a water moccasin
  4581 | D:5      | Reached skill level 1 in Evocations
  4638 | D:5      | Reached XP level 8. HP: 7/58 MP: 0/0
  4971 | D:5      | Received a gift from Nemelex Xobeh
  5285 | D:5      | Found a staircase to the Ecumenical Temple.
  5563 | D:5      | Reached skill level 1 in Stealth
  5963 | D:6      | Reached *** piety under Nemelex Xobeh
  6497 | D:6      | Found a glowing drain.
  6504 | Sewer    | Entered a sewer
  7265 | Sewer    | Received a gift from Nemelex Xobeh
  7692 | Sewer    | Identified a scroll of acquirement
  7741 | D:6      | Acquired a staff of fire
  7826 | D:6      | Reached XP level 9. HP: 15/64 MP: 0/0
  7826 | D:6      | Learned a level 4 spell: Petrify
  8434 | D:6      | Noticed Pikel
  8454 | D:6      | Reached skill level 5 in Fighting
  8469 | D:6      | Killed Pikel
  8470 | D:6      | Reached skill level 5 in Invocations
  9262 | D:7      | Killed from afar by an acid dragon

Illustrated notes

Levels and vault maps discovered:
D:1:      dpeg_arrival_shelter, layout_rooms,
          shapermc_ecumenical_altar_totnotflames
D:2:      layout_loops_ring, uniq_sigmund, uniq_crazy_yiuf_cottage
D:3:      cheibrodos_old_hovel, layout_basic, xom_redecorated,
          old_standard_altar
D:4:      layout_basic, serial_shops, nicolae_shop_bloodbath_and_beyond
D:5:      layout_basic, vehumet_statue, minmay_temple_entry_wispy
D:6:      layout_rooms, portal_sewer_entry_e, uniq_pikel
D:7:      layout_cave_pools, gammafunk_temple_overflow_elements,
          nzn_wu_jian_council_hall, minmay_misc_feat_rugged,
          minmay_misc_feat_ornament, nicolae_shop_self_help

Skill      XL: |  1  2  3  4  5  6  7  8  9 |
---------------+----------------------------+-----
Fighting       | 3 4 5 |  5.0
Spellcasting   | 1 2 3 4 |  4.0
Armour         | 1 2 3 4 |  4.0
Staves         | 1 2 3 |  3.7
Invocations    | 3 4 5 |  5.0
Evocations     | 1 3 |  3.0
Dodging        | 4 |  4.0
Stealth        | 2 |  2.0
Short Blades   | |  2.7
Throwing       | |  1.6

Action                   |  1- 3 |  4- 6 |  7- 9 || total
-------------------------+-------+-------+-------++-------
Melee: Rapier            |    77 |     3 |       ||    80
       Short sword       |       |     3 |       ||     3
       Quarterstaff      |       |    14 |    65 ||    79
       Staff             |       |       |    20 ||    20
Throw: Throwing net      |     6 |       |     7 ||    13
 Cast: Freeze            |    13 |    23 |       ||    36
       Scorch            |       |    25 |   109 ||   134
       Petrify           |       |       |     1 ||     1
Invok: Draw Destruction  |     1 |     5 |     7 ||    13
       Draw Summoning    |       |       |     4 ||     4
       Draw Escape       |       |       |     5 ||     5
       Triple Draw       |       |       |     1 ||     1
  Use: Scroll            |       |       |     7 ||     7
 Stab: Sleeping          |     2 |       |     1 ||     3
       Held in net/web   |     1 |       |       ||     1
Armor: Leather armour    |    21 |     5 |    37 ||    63
Dodge: Dodged            |    72 |    35 |   157 ||   264

Table legend: (Time is in decaauts)
 A = Elapsed time spent in this place.
 B = Non-inter-level travel time spent in this place.
 C = Inter-level travel time spent in this place.
 D = Time resting spent in this place.
 E = Time spent auto-exploring this place.
 F = Levels seen in this place.
 G = Mean time per level.
                   A        B        C        D        E       F      G
               +--------+--------+--------+--------+--------+-----+--------+
         Total |   9285 |   9048 |    237 |    951 |   6808 |   8 | 1160.6 |
       Dungeon |   8051 |   7814 |    237 |    755 |   5998 |   7 | 1150.1 |
         Sewer |   1234 |   1234 |      0 |    196 |    810 |   1 | 1234.0 |
               +--------+--------+--------+--------+--------+-----+--------+

Top non-repeatable levels by time:
     D:5: 1889 daAuts
     D:6: 1581 daAuts
     D:2: 1516 daAuts
   Sewer: 1234 daAuts
     D:4: 1182 daAuts
     D:1: 1005 daAuts
     D:3: 852 daAuts
     D:7: 23 daAuts
